 Dungeon Crawl Stone Soup version 0.29-a0-1027-gcd8c55af63 (webtiles) character file.

Game seed: 2071111724594849900

20907 ragingrage the Severer (level 12, 0/91 HPs)
             Began as a Demonspawn Chaos Knight on Aug 13, 2022.
             Was a Plaything of Xom.
             Slain by a torpor snail (20 damage)
             ... on level 9 of the Dungeon.
             The game lasted 00:16:33 (11660 turns).

ragingrage the Severer (Demonspawn Chaos Knight)   Turns: 11660, Time: 00:16:34

Health: 0/91       AC: 10    Str: 16    XL:     12   Next: 49%
Magic:  12/12      EV: 13    Int: 15    God:    Xom [..*...]
Gold:   216        SH:  0    Dex: 13    Spells: 11/11 levels left

rFire   . . .      SeeInvis .   a - +5 war axe of Fury {freeze, rC+ rCorr}
rCold   + . .      Faith    .   (no shield)
rNeg    . . .      Spirit   .   B - +1 troll leather armour {Pargi}
rPois   +          Reflect  .   (helmet restricted)
rElec   .          Harm     .   (no cloak)
rCorr   +          Rampage  .   (gloves unavailable)
Will    .....                   (no boots)
Stlth   +.........              J - amulet of regeneration
HPRegen 1.85/turn               C - +4 ring of protection
MPRegen 0.26/turn               q - ring of poison resistance

@: slowed, studying Short Blades, very slow
A: powered by pain 1, magic regeneration, sturdy frame 1, demonic touch 3, horns
1, screaming 1, shaggy fur 1
a: Renounce Religion


You were on level 9 of the Dungeon.
You worshipped Xom.
You were a toy of Xom.
You visited 2 branches of the dungeon, and saw 13 of its levels.
You also visited: Sewer.

You collected 890 gold pieces.
You spent 674 gold pieces at shops.

Inventory:

Hand Weapons
 a - the +5 war axe of Fury (weapon) {freeze, rC+ rCorr}
   (You found it on level 3 of the Dungeon)

   It freezes those it strikes, dealing additional cold damage.
   It can also slow down cold-blooded creatures.
   rC:        It protects you from cold.
   rCorr:     It protects you from acid and corrosion.
 b - the +12 shortbow "Demonslayer" {flame, SInv}
   (You found it on level 12 of the Dungeon)

   Any ammunition fired from it burns those it strikes, dealing additional fire
   damage.
   SInv:      It lets you see invisible.
 h - a +7 hand axe of flaming
 N - the +5 executioner's axe "Pemir" {venom, rPois rC- rN+++ Str-4}
   (You acquired it on level 10 of the Dungeon)

   It poisons the flesh of those it strikes.
   Str:       It affects your strength (-4).
   rC:        It makes you vulnerable to cold.
   rPois:     It protects you from poison.
   rN:        It renders you almost immune to negative energy.
Missiles
 i - 27 poisoned darts (quivered)
 G - a throwing net
 T - 7 silver javelins
 Z - a curare-tipped dart
Armour
 u - a +0 scale mail of willpower
 B - a +1 troll leather armour (worn) {Pargi}
 I - +0 acid dragon scales
Jewellery
 q - a ring of poison resistance (right hand)
 s - a ring of flight
 t - a ring of protection from cold
 C - a +4 ring of protection (left hand)
 E - a ring of fire
 J - an amulet of regeneration (around neck)
 P - an amulet of guardian spirit
 Q - a ring of resist corrosion
Wands
 v - a wand of mindburst (3)
 x - a wand of flame (10)
 D - a wand of polymorph (2)
 W - a wand of iceblast (10)
 Y - a wand of quicksilver (7)
Scrolls
 d - 7 scrolls of teleportation
 f - 10 scrolls of fear
 g - a scroll of enchant armour
 j - a scroll of torment
 k - 4 scrolls of immolation
 r - 2 scrolls of identify
 y - 3 scrolls of fog
 K - a scroll of magic mapping
 L - 2 scrolls of amnesia
 O - 4 scrolls of enchant weapon
 R - a scroll of poison
 U - a scroll of blinking
 X - a scroll of silence
Potions
 e - 4 potions of brilliance
 l - a potion of flight
 m - 4 potions of magic
 n - 4 potions of heal wounds
 o - 3 potions of attraction
 p - 5 potions of curing
 w - 2 potions of lignification
 z - 3 potions of resistance
 A - 5 potions of haste
 M - a potion of experience
 V - 2 potions of might
Miscellaneous
 c - a piece from Xom's chessboard (15/15)


   Skills:
 * Level 7.2 Fighting
 * Level 16.8 Axes
 + Level 4.5 Armour
 + Level 4.1 Dodging
 + Level 4.3 Evocations


You had 11 spell levels left.
You didn't know any spells.
Your spell library contained the following spells:

 Spells                   Type           Power      Damage    Failure   Level
 Apportation              Tloc           0%         N/A       28%         1
 Necrotise                Necr           0%         1d4       28%         1
 Shock                    Conj/Air       0%         1d3       28%         1
 Summon Small Mammal      Summ           0%         N/A       28%         1
 Ensorcelled Hibernation  Hex/Ice        0%         N/A       38%         2
 Gell's Gravitas          Tloc           0%         N/A       63%         3
 Lesser Beckoning         Tloc           0%         N/A       63%         3
 Spider Form              Tmut/Pois      0%         N/A       63%         3
 Swiftness                Air            0%         N/A       63%         3
 Teleport Other           Tloc           0%         N/A       63%         3
 Airstrike                Air            0%         2d(0-16)  95%         4
 Anguish                  Hex/Necr       0%         N/A       95%         4
 Animate Armour           Summ/Erth      0%         N/A       95%         4
 Animate Dead             Necr           0%         N/A       95%         4
 Blade Hands              Tmut           0%         N/A       100%        5
 Borgnjor's Vile Clutch   Necr/Erth      0%         N/A       100%        5
 Irradiate                Conj/Tmut      0%         3d11      100%        5
 Summon Forest            Summ/Tloc      0%         N/A       100%        5
 Death Channel            Necr           0%         N/A       100%        6
 Eringya's Noxious Bog    Tmut/Pois      0%         N/A       100%        6
 Iron Shot                Conj/Erth      0%         9d1       100%        6
 Dragon Form              Tmut           0%         N/A       100%        7
 Summon Hydra             Summ           0%         N/A       100%        7


Dungeon Overview and Level Annotations

Branches:
Dungeon (12/15)            Temple (0/1) D:5            Lair (1/5) D:9
    Orc (0/2) D:11          Sewer (visited)

Altars:
Cheibriados
Dithmenos
Gozag
Makhleb
Nemelex Xobeh
Qazlal
Ru
Vehumet
Wu Jian
Xom

Shops:
D:1 *=!   D:2 (   D:5 **[((   D:6 [   D:9 (

Annotations:
D:11 exclusion: downstairs
D:12 4 runed translucent doors


Innate Abilities, Weirdness & Mutations

You sometimes gain a little power by taking damage.
You regenerate magic rapidly.
Your movements are slightly less encumbered by armour. (ER -2)
Your touch may irresistibly damage your foes and sap their willpower.
You have a pair of small horns on your head.
You occasionally shout uncontrollably at your foes.
You are covered in fur. (AC +1)


Message History

The torpor snail bites you!
You climb upwards.
Welcome back to the Dungeon!
There is a staircase to the Lair here.
The yak attacks as you move away! The yak misses you.
The death yak barely misses you. The torpor snail bites you!
Throw: 2 darts (datura)
Press: ? - help, Q - select action, (/) - cycle Shift-Dir - straight line, f - death yak
Aim: a death yak (79% to hit, chance to frenzy on hit: 3%)
You throw a datura-tipped dart.
The datura-tipped dart completely misses the death yak.
The death yak barely misses you. The yak closely misses you.
The torpor snail barely misses you. The death yak gores you! The yak gores you!
Throw: dart (datura)
Press: ? - help, Q - select action, (/) - cycle Shift-Dir - straight line, f/p - death yak
Aim: a death yak (79% to hit, chance to frenzy on hit: 3%)
You throw a datura-tipped dart.
The datura-tipped dart hits the death yak.
The death yak resists.
The death yak closely misses you. The yak gores you!
The torpor snail bites you but does no damage.
You slash the torpor snail! You freeze the torpor snail.
The torpor snail is moderately wounded.
You hit the death yak. You freeze the death yak. You hit the yak.
You freeze the yak. You hit the plant.
The plant begins to die.
You freeze the plant. The death yak barely misses you. The yak misses you.
The torpor snail bites you but does no damage.
You slash the torpor snail! You freeze the torpor snail.
Your headbutt misses the torpor snail.
The torpor snail is heavily wounded.
You hit the death yak but do no damage. You hit the yak but do no damage.
You hit the plant but do no damage. The death yak gores you!
The yak barely misses you.
You slash the torpor snail! You freeze the torpor snail.
The torpor snail is heavily wounded.
You hit the death yak but do no damage. You hit the yak. You freeze the yak.
You slash the plant! You freeze the plant. The death yak gores you!
* * * LOW HITPOINT WARNING * * *
The yak barely misses you. The torpor snail bites you!!
You die...
Xom giggles madly!

........###......<...#####.......
........###..........# #.......
######.###.....P.....## ######.#
#....#...........[### #..
##.##.....P.....PPP..#########
#..#P...............P.........
####.##...P..PP.P.PP.P...........
........PP...P...P..PPP..........
.......P........@wP.PP.P.P.......
....>....PPP...YY.PP.P.P.........
...........P.....P.P.P.PP........
......PP.........P.P.P...........
#####.......P.....P....).....<...
#........P...[.P.....###'####
#######...P.....PP.......# #....#
...# ###..P...P..P.....## ####..
##'## ###..P........### ###


You could see a death yak, a torpor snail and a yak.

Vanquished Creatures
  2 boulder beetles (D:12)
  3 two-headed ogres
  An anaconda (D:8)
  A skeletal warrior (D:12)
  A harpy (D:12)
  Pikel (D:8)
  2 cyclopes (D:11)
  2 manticores
  An unseen horror (D:10)
  Maggie (D:6)
  4 gargoyles
  A tengu conjurer (D:12)
  A queen bee (D:12)
  4 trolls
  A hornet (D:8)
  Prince Ribbit (D:7)
  Sigmund (D:6)
  2 vampires
  A shadow (D:12)
  A hog (D:9)
  A wraith (D:8)
  12 yaks
  A steam dragon (D:6)
  10 vampire mosquitoes (D:11)
  An acid dragon (D:10)
  4 water moccasins
  7 orc warriors
  A sky beast (D:7)
  4 black bears
  Pargi (Sewer)
  6 wolves (Lair:1)
  An ogre (D:6)
  5 centaurs
  A lemure (D:8)
  2 phantoms
  A necrophage (D:5)
  2 gnoll sergeants
  6 bullfrogs
  2 scorpions
  6 wights
  6 killer bees (D:11)
  3 howler monkeys
  2 jellies
  2 hounds
  5 orc priests
  2 iguanas
  9 orc wizards
  5 gnolls (D:11)
  2 river rats (D:5)
  8 adders
  3 ufetubi
  2 worms
  3 dart slugs
  24 orcs
  6 endoplasms
  4 giant cockroaches
  9 goblins
  8 hobgoblins
  4 jackals
  2 kobolds
  2 quokkas
  3 training dummies (D:9)
  6 ball pythons
  4 bats
  4 frilled lizards
  5 rats
239 creatures vanquished.

Vanquished Creatures (collateral kills)
  A boulder beetle (D:12)
  A deep elf pyromancer (D:12)
  A freezing wraith (D:12)
  Grinder (D:4)
  A wraith (D:12)
  2 orcs (D:4)
  A ball python (D:4)
  An endoplasm (D:4)
9 creatures vanquished.

Vanquished Creatures (others)
  A death knight (D:12)
  A dancing weapon (D:12)
  A centaur (D:12)
  25 fungi
  22 plants (D:9)
50 creatures vanquished.

Grand Total: 298 creatures vanquished

Notes
Turn   | Place    | Note
-------+----------+-------------------------------------------
     0 | D:1      | ragingrage the Demonspawn Chaos Knight began the quest for
                  | the Orb.
     0 | D:1      | Reached XP level 1. HP: 18/18 MP: 1/1
    20 | D:1      | Found Umyqu's Distillery.
   280 | D:1      | Reached skill level 3 in Axes
   310 | D:1      | Found Sitask's Jewellery Emporium.
   390 | D:1      | Found Utifreom's General Store.
   694 | D:1      | Gained mutation: You regenerate magic rapidly. [demonic
                  | ancestry]
   694 | D:1      | Reached XP level 2. HP: 18/24 MP: 2/2
   735 | D:1      | XOM: give mutations
   735 | D:1      | Gained mutation: You are covered in fur. (AC +1) [Xom's
                  | grace]
   735 | D:1      | Gained mutation: You are agile. (Dex +4, Str/Int -1) [Xom's
                  | grace]
   735 | D:1      | Gained mutation: You are strong-willed. (Will+) [Xom's
                  | grace]
   737 | D:1      | XOM: god gift: 56 gold pieces
  1022 | D:2      | Identified the +0 pair of gloves of Complete Protection
                  | {rC+ Will+ rCorr}
  1094 | D:2      | Found a shimmering altar of Xom.
  1157 | D:2      | XOM: cloud trail
  1355 | D:1      | Bought a +1 hand axe of electrocution for 145 gold pieces
  1658 | D:2      | Gained mutation: Your touch may inflict minor irresistible
                  | damage on your foes. [demonic ancestry]
  1658 | D:2      | Reached XP level 3. HP: 28/29 MP: 3/3
  1682 | D:2      | Found Yroti's Weapon Emporium.
  1967 | D:3      | XOM: stealth player
  2031 | D:3      | Reached skill level 4 in Axes
  2241 | D:3      | Reached XP level 4. HP: 17/35 MP: 4/4
  2322 | D:3      | XOM is BORED!
  2521 | D:3      | Identified the +5 war axe of Fury {freeze, rC+ rCorr}
  2750 | D:3      | Found a faded altar of an unknown god.
  2816 | D:3      | Found a faded altar of an unknown god.
  2823 | D:3      | Found a sparkling altar of Nemelex Xobeh.
  2825 | D:3      | Found an ornate altar of the Wu Jian Council.
  2827 | D:3      | Found a faded altar of an unknown god.
  2898 | D:4      | XOM: 1-stop teleportation journey
  2903 | D:4      | Reached skill level 5 in Axes
  2926 | D:4      | XOM: butterfly on damage
  2956 | D:4      | XOM: summons friendly iron imp
  2964 | D:4      | Gained mutation: Your touch may inflict irresistible damage
                  | on your foes. [demonic ancestry]
  2964 | D:4      | Reached XP level 5. HP: 36/41 MP: 5/5
  3099 | D:4      | Noticed Grinder
  3120 | D:4      | XOM: cast spell 'Summon Mana Viper'
  3125 | D:4      | Killed Grinder
  3126 | D:4      | Reached skill level 6 in Axes
  3126 | D:4      | Reached XP level 6. HP: 40/47 MP: 6/6
  3413 | D:4      | XOM: noise
  3418 | D:5      | Entered Level 5 of the Dungeon
  3450 | D:5      | Found Mayr's Weapon Shop.
  3451 | D:5      | Found Vizis's Armour Shop.
  3452 | D:5      | Found Rinemma's Antique Weapon Shop.
  3453 | D:5      | Found Veevuseppe's Assorted Antiques.
  3467 | D:5      | Bought a tapered bone wand for 80 gold pieces
  3475 | D:5      | XOM: enchant monster (bad)
  3504 | D:5      | XOM: summons 2 hostile shadow creatures
  3544 | D:5      | Found a glowing drain.
  3550 | Sewer    | Entered a sewer
  3674 | Sewer    | Noticed Pargi
  3687 | Sewer    | Killed Pargi
  3688 | Sewer    | Reached skill level 7 in Axes
  3688 | Sewer    | Reached XP level 7. HP: 39/52 MP: 7/7
  3920 | D:5      | XOM: noise
  3977 | D:5      | Found a staircase to the Ecumenical Temple.
  4022 | D:5      | XOM is BORED!
  4022 | D:5      | XOM: give mutation
  4022 | D:5      | Gained mutation: You occasionally shout uncontrollably at
                  | your foes. [Xom's mischief]
  4049 | D:5      | XOM: polymorph orc -> frilled lizard
  4071 | D:5      | Found Gyniras's Assorted Antiques.
  4154 | D:5      | Reached skill level 8 in Axes
  4354 | D:5      | XOM: summons 2 hostile shadow creatures
  4584 | D:5      | Found a snail-covered altar of Cheibriados.
  4643 | D:6      | Noticed Sigmund
  4646 | D:6      | Killed Sigmund
  4647 | D:6      | Reached skill level 9 in Axes
  4647 | D:6      | Gained mutation: You sometimes gain a little power by
                  | taking damage. [demonic ancestry]
  4647 | D:6      | Reached XP level 8. HP: 58/58 MP: 8/8
  4688 | D:6      | Found a stormy altar of Qazlal.
  4706 | D:6      | Noticed an air elemental
  4716 | D:6      | Noticed Edmund
  4720 | D:6      | Noticed Edmund
  4720 | D:6      | Edmund changed into Edmund the dart slug
  4722 | D:6      | Killed Edmund the dart slug
  4812 | D:6      | XOM: confuse monster(s)
  4816 | D:6      | Reached skill level 10 in Axes
  4817 | D:6      | XOM: summons friendly crimson imp
  4822 | D:6      | XOM: stat loss: -1 Int (12/13)
  4824 | D:6      | XOM: enchant monster (good)
  4827 | D:6      | Reached skill level 11 in Axes
  4852 | D:6      | XOM: draining
  4870 | D:6      | Noticed Maggie
  4880 | D:6      | Killed Maggie
  4881 | D:6      | Reached XP level 9. HP: 21/63 MP: 9/9
  5000 | D:6      | Found Win Uno's Antique Armour Shoppe.
  5403 | D:7      | XOM: noise
  5408 | D:7      | Reached skill level 12 in Axes
  5728 | D:7      | Noticed Prince Ribbit
  5822 | D:7      | Killed Prince Ribbit
  5823 | D:7      | Reached skill level 13 in Axes
  5850 | D:7      | XOM: 2-stop teleportation journey
  5858 | D:7      | Found a shadowy altar of Dithmenos.
  6210 | D:8      | Found a radiant altar of Vehumet.
  6210 | D:8      | Noticed a two-headed ogre
  6211 | D:8      | Noticed a two-headed ogre
  6236 | D:8      | Killed a two-headed ogre
  6237 | D:8      | Gained mutation: Your touch may irresistibly damage your
                  | foes and sap their willpower. [demonic ancestry]
  6237 | D:8      | Reached XP level 10. HP: 69/70 MP: 10/10
  6249 | D:7      | XOM: torment (36/70 hp)
  6338 | D:8      | XOM: enchant monster (good)
  6341 | D:8      | Noticed Pikel
  6351 | D:8      | Killed Pikel
  6351 | D:8      | XOM: summons 5 hostile demons
  6456 | D:8      | XOM: blink monster(s)
  6459 | D:8      | Killed a two-headed ogre
  6460 | D:8      | Reached skill level 14 in Axes
  6535 | D:8      | XOM: divination: magic mapping
  6853 | D:1      | Bought a potion of lignification for 30 gold pieces
  7011 | D:8      | Noticed a two-headed ogre
  7016 | D:8      | Noticed an anaconda
  7016 | D:8      | a two-headed ogre changed into an anaconda
  7016 | D:8      | XOM: polymorph two-headed ogre -> anaconda
  7031 | D:8      | Killed an anaconda
  7079 | D:8      | XOM: give mutations
  7079 | D:8      | Lost mutation: You are agile. (Dex +4, Str/Int -1) [Xom's
                  | mischief]
  7079 | D:8      | Lost mutation: You are strong-willed. (Will+) [Xom's
                  | mischief]
  7079 | D:8      | Gained mutation: You have a pair of small horns on your
                  | head. [Xom's mischief]
  7152 | D:8      | Found an opulent altar of Gozag.
  7297 | D:8      | XOM: torment (36/69 hp)
  7428 | D:8      | Reached skill level 15 in Axes
  7543 | D:9      | XOM: swap monsters
  7551 | D:9      | XOM: polymorph wyvern -> hog
  7629 | D:9      | XOM: confusion
  7662 | D:9      | Found a staircase to the Lair.
  7693 | D:9      | Reached XP level 11. HP: 75/75 MP: 11/11
  7806 | D:9      | XOM: enchant monster (good)
  7824 | D:9      | Found a sacrificial altar of Ru.
  7837 | D:9      | XOM: confuse monster(s)
  7971 | D:9      | Found Vidgh's Firing Range.
  8053 | D:9      | XOM: scenery: create altars
  8414 | D:1      | Bought an amulet of regeneration for 330 gold pieces
  8502 | D:5      | Bought a scroll labelled WYRAEZEZERCH for 32 gold pieces
  8502 | D:5      | Bought 2 fuming amethyst potions for 57 gold pieces
  8714 | Lair:1   | Entered Level 1 of the Lair of Beasts
  8757 | Lair:1   | Noticed a death yak
  8794 | D:10     | Entered Level 10 of the Dungeon
  8818 | D:10     | Reached skill level 16 in Axes
  8888 | D:10     | XOM: cloud trail
  8994 | D:10     | Reached skill level 1 in Dodging
  9011 | D:10     | Reached skill level 1 in Evocations
  9089 | D:10     | XOM: god gift: glowing hand axe {god gift}
  9109 | D:10     | XOM: cloud trail
  9220 | D:10     | Identified a scroll of acquirement
  9220 | D:10     | Acquired the +5 executioner's axe "Pemir" {venom, rPois rC-
                  | rN+++ Str-4}
  9233 | D:10     | Found a burning altar of Makhleb.
  9562 | D:11     | XOM: 5-stop teleportation journey
  9590 | D:11     | XOM: cleaving
  9954 | D:11     | Reached skill level 5 in Fighting
 10018 | D:11     | XOM: potion effect (invisibility)
 10044 | D:11     | Found a staircase to the Orcish Mines.
 10111 | D:11     | XOM: god gift: potion of magic
 10406 | D:12     | Noticed a deep elf pyromancer
 10407 | D:12     | Noticed a death knight
 10434 | D:12     | Killed a deep elf pyromancer
 10452 | D:12     | Noticed a skeletal warrior
 10467 | D:12     | Killed a death knight
 10467 | D:12     | XOM: divine lightning
 10468 | D:12     | Gained mutation: Your movements are slightly less
                  | encumbered by armour. (ER -2) [demonic ancestry]
 10468 | D:12     | Reached XP level 12. HP: 87/87 MP: 12/12
 10521 | D:11     | XOM: noise
 10579 | D:12     | XOM: silly message
 10793 | D:12     | Noticed a boulder beetle
 10794 | D:12     | XOM: confuse monster(s)
 10800 | D:12     | XOM: cast spell 'Summon Hydra'
 10806 | D:12     | Killed a boulder beetle
 10820 | D:12     | XOM: god gift: short sword {god gift}
 10842 | D:12     | XOM: god gift: 5 silver javelins
 10913 | D:12     | Found a large runed translucent door.
 10913 | D:12     | Found a large runed translucent door.
 10927 | D:12     | Noticed a boulder beetle
 10956 | D:12     | Killed a boulder beetle
 10994 | D:12     | Noticed a boulder beetle
 10998 | D:12     | XOM: 10-stop teleportation journey
 11010 | D:12     | Found a large runed translucent door.
 11010 | D:12     | Found a large runed translucent door.
 11106 | D:12     | XOM: cloud trail
 11289 | D:12     | Noticed a two-headed ogre
 11301 | D:12     | Killed a two-headed ogre
 11309 | D:12     | XOM: scenery: 2 doors open
 11322 | D:12     | Killed a boulder beetle
 11336 | D:12     | Identified the +2 robe of Okawaru's Respect {rC+++ rCorr
                  | Int+9 Dex-4}
 11358 | D:12     | XOM: butterfly on damage
 11444 | D:12     | Identified the +12 shortbow "Demonslayer" {flame, SInv}
 11660 | D:9      | Slain by a torpor snail

Illustrated notes

Levels and vault maps discovered:
D:1:      nzn_arrival_settlement, layout_loops_ring, serial_shops,
          nicolae_shop_behind_doors, shop, shop
D:2:      layout_rooms, basic_altar, serial_shops,
          nicolae_shop_bloodbath_and_beyond, nicolae_hexahallways
D:3:      layout_loops_ring, chequers_temple_overflow_minitemple,
          shapermc_ecumenical_altar_mp_vishouse, st_stairs_9
D:4:      layout_rooms, uniq_grinder
D:5:      layout_loops_ring, cheibrodos_worm_habitat, minmay_temple_entry_grid,
          serial_shops, nicolae_shop_overgrown_old_shop,
          gup_sewer_entry_bubbles, minmay_shop_grid_forest,
          kennysheep_flooded_box, minmay_misc_feat_ornament
D:6:      layout_basic, nicolae_qazlal_style_of_elements, serial_shops, shop,
          kennysheep_generic_room_8, uniq_edmund, uniq_sigmund, uniq_maggie
D:7:      layout_basic, grunt_dithmenos_smoke_and_mirrors, uniq_prince_ribbit1
D:8:      layout_basic, grunt_temple_overflow_gold_and_silver,
          amcnicky_altar_gilded, uniq_pikel
D:9:      layout_roguey, nicolae_ru_awakened_eye, due_lair_maze_entry_diamond,
          nicolae_shop_firing_range
D:10:     layout_basic, mainiacjoe_overflow_surrounded_room
D:11:     layout_stronghold, orc_0_dummy, eino_jars
D:12:     layout_basic, grunt_ministairs_15, minmay_hollow_rounded_squares
Lair:1:   layout_small_grid, grunt_megastairs_5

Skill      XL: |  1  2  3  4  5  6  7  8  9 10 11 12 |
---------------+-------------------------------------+-----
Axes           | 3 4 5 6 7 9 11 13 15 16 | 16.8
Dodging        | 3 4 |  4.1
Armour         | 3 4 |  4.5
Evocations     | 3 4 |  4.3
Fighting       | 5 7 |  7.2

Action                   |  1- 3 |  4- 6 |  7- 9 | 10-12 || total
-------------------------+-------+-------+-------+-------++-------
Melee: Hand axe          |    91 |     2 |       |       ||    93
       Touch             |     5 |     6 |    29 |    64 ||   104
       War axe           |       |    79 |   187 |   359 ||   625
       Punch             |       |     2 |     2 |     4 ||     8
       Headbutt          |       |       |       |    64 ||    64
Throw: Dart              |       |       |    10 |    40 ||    50
Evoke: Wand              |       |       |     2 |     7 ||     9
       Piece from Xom's  |       |       |       |     1 ||     1
  Use: Scroll            |       |       |    16 |    10 ||    26
       Potion            |       |       |       |     2 ||     2
 Stab: Sleeping          |     3 |       |     2 |     1 ||     6
       Petrified         |     1 |       |       |     2 ||     3
       Petrifying        |       |       |     1 |       ||     1
       Confused          |       |       |       |     1 ||     1
       Invisible         |       |       |       |     4 ||     4
Armor: Leather armour    |    37 |    11 |       |       ||    48
       Scale mail        |       |    33 |       |       ||    33
       Troll leather arm |       |       |    65 |   105 ||   170
Dodge: Dodged            |    48 |    41 |    86 |   197 ||   372

Table legend: (Time is in decaauts)
 A = Elapsed time spent in this place.
 B = Non-inter-level travel time spent in this place.
 C = Inter-level travel time spent in this place.
 D = Time resting spent in this place.
 E = Time spent auto-exploring this place.
 F = Levels seen in this place.
 G = Mean time per level.
                   A        B        C        D        E       F      G
               +--------+--------+--------+--------+--------+-----+--------+
         Total |  11647 |  10206 |   1441 |    820 |   7273 |  14 |  831.9 |
       Dungeon |  11250 |   9810 |   1440 |    820 |   7004 |  12 |  937.5 |
          Lair |     71 |     71 |      0 |      0 |     24 |   1 |   71.0 |
         Sewer |    326 |    326 |      0 |      0 |    245 |   1 |  326.0 |
               +--------+--------+--------+--------+--------+-----+--------+

Top non-repeatable levels by time:
     D:1: 1186 daAuts
     D:5: 1157 daAuts
     D:8: 1120 daAuts
    D:12: 1089 daAuts
     D:3: 988 daAuts
     D:2: 959 daAuts
    D:11: 956 daAuts
     D:7: 882 daAuts
     D:6: 878 daAuts
    D:10: 722 daAuts
     D:9: 705 daAuts
     D:4: 604 daAuts
   Sewer: 326 daAuts
  Lair:1: 71 daAuts
